 Dungeon Crawl Stone Soup version 0.21-a0-286-g6fcecc0 (webtiles) character file.

76 Ijustatesigmund the Skirmisher (level 4, 0/33 HPs)
             Began as an Octopode Fighter on Sept 28, 2017.
             Slain by an adder (2 damage)
             ... on level 3 of the Dungeon.
             The game lasted 00:02:11 (1481 turns).

Ijustatesigmund the Skirmisher (Octopode Fighter)   Turns: 1481, Time: 00:02:12

Health: 0/33       AC:  1    Str: 20    XL:     4   Next: 32%
Magic:  4/4        EV: 11    Int: 10    God:
Gold:   62         SH:  9    Dex: 12    Spells: 3/3 levels left

rFire    . . .     SeeInvis .   a - +0 flail
rCold    . . .     Gourm    .   b - +0 shield
rNeg     . . .     Faith    .   (helmet restricted)
rPois    .         Spirit   .   (no amulet)
rElec    .         Reflect  .   (no ring)
rCorr    .         Harm     .   (no ring)
MR       .....                  (no ring)
Stlth    ++........             (no ring)
HPRegen  0.11/turn              (no ring)
MPRegen  0.09/turn              (no ring)
                                (no ring)
                                (no ring)

@: mighty, lethally poisoned (0 -> -3)
A: almost no armour, stealthy swim, amphibious, 8 rings, constrict 8, camouflage
1, gelatinous body 1
a: no special abilities


You were on level 3 of the Dungeon.
You were not hungry.

You visited 1 branch of the dungeon, and saw 3 of its levels.

You collected 62 gold pieces.

Inventory:

Hand Weapons
 a - a +0 flail (weapon)
Armour
 b - a +0 shield (worn)
Scrolls
 e - a scroll of identify {unknown}
 f - a scroll of immolation
 g - 3 scrolls of recharging
Potions
 h - a potion of flight {unknown}
 i - a potion of degeneration {unknown}
 k - a potion of cancellation {unknown}
Comestibles
 d - a bread ration
 j - a royal jelly
 l - a chunk of flesh
 m - 3 fruits


   Skills:
 + Level 3.8 Fighting
 * Level 3.7 Maces & Flails
 - Level 3.0 Dodging
 - Level 3.0 Shields


You had 3 spell levels left.
You didn't know any spells.

Dungeon Overview and Level Annotations

Branches:
Dungeon (3/15)

Altars:
Ashenzari

Annotations:
D:3 Jessica


Innate Abilities, Weirdness & Mutations

You cannot wear most types of armour.
You are very stealthy in the water. (Stealth+)
You are amphibious.
You can wear up to eight rings at the same time.
You can use your tentacles to constrict eight enemies at once.
Your skin changes colour to match your surroundings (Stealth+).
Your rubbery body absorbs attacks. (AC +1, EV +1)


Message History

You are too injured to fight recklessly!
You are too injured to fight recklessly!
You are too injured to fight recklessly!
You are too injured to fight recklessly!
You are too injured to fight recklessly!
You are too injured to fight recklessly!
You are too injured to fight recklessly!
You are too injured to fight recklessly!
You are too injured to fight recklessly!
The adder bites you but does no damage.
You feel very mighty all of a sudden. The adder bites you.
* * * LOW HITPOINT WARNING * * *
You are poisoned.
The adder poisons you!
You miss the adder. Your grab misses the adder.
You feel sick. The adder bites you.
* * * LOW HITPOINT WARNING * * *
The adder bites you.
You die...

.# .# #.# .# #.#
###.###### #.#
#......... #.#
#.#....... #.#
#@...# #.# #S##.#
#.# #@# #
#########.######.#
.................#
..(.######.#####.#
....## #.# #.#
.....#####.#####..
.#.................
.#...>.รท...###
##### .#.#.#######


You could see an adder and Jessica.

Vanquished Creatures
  3 adders
  A gnoll (D:1)
  3 worms (D:2)
  2 dart slugs (D:2)
  A leopard gecko (D:2)
  2 bats (D:1)
  A giant cockroach (D:2)
  4 goblins
  2 hobgoblins (D:2)
  4 jackals (D:3)
  A quokka (D:2)
  A kobold (D:1)
  A rat (D:2)
26 creatures vanquished.

Notes
Turn   | Place    | Note
-------+----------+-------------------------------------------
     0 | D:1      | Ijustatesigmund the Octopode Fighter began the quest for the Orb.
     0 | D:1      | Reached XP level 1. HP: 16/16 MP: 1/1
   165 | D:1      | Reached XP level 2. HP: 21/21 MP: 2/2
   477 | D:2      | Reached XP level 3. HP: 22/26 MP: 3/3
   693 | D:2      | Found a shattered altar of Ashenzari.
  1085 | D:2      | Reached XP level 4. HP: 32/32 MP: 4/4
  1476 | D:3      | Noticed Jessica
  1481 | D:3      | Slain by an adder

Vault maps used:
D:1:      lightli_arrival_quake
D:2:      nicolae_ashenzari_panopticon
D:3:      uniq_jessica

Skill      XL: |  1  2 |
---------------+-------+-----
Maces & Flails | 3 |  3.7
Fighting       | |  3.8
Dodging        | |  3.0
Shields        | |  3.0

Action                   |  1- 3 |  4- 6 || total
-------------------------+-------+-------++-------
Melee: Flail             |    36 |    17 ||    53
       Constrict         |    14 |     5 ||    19
       Tentacles         |    10 |     5 ||    15
  Use: Scroll            |     5 |       ||     5
       Potion            |       |     1 ||     1
 Stab: Sleeping          |     4 |       ||     4
  Eat: Chunk             |       |     2 ||     2
Armor: Skin              |     2 |     2 ||     4
Dodge: Dodged            |    11 |    17 ||    28
Block: Shield            |    11 |    12 ||    23

Table legend:
 A = Spawn XP
 B = Non-spawn XP
 C = Spawn XP percentage of total XP
 D = Spawn monster count
 E = Non-spawn monster count
 F = Spawn count percentage of total count
 G = Total turns spent on level
                    A         B        C        D         E        F      G
               +---------+---------+-------+---------+---------+-------+---------
         Total |       0 |     109 |   0.0 |       0 |      26 |   0.0 |  1481
               +---------+---------+-------+---------+---------+-------+---------
           D:1 |       0 |      20 |   0.0 |       0 |       5 |   0.0 |   467
           D:2 |       0 |      68 |   0.0 |       0 |      16 |   0.0 |   801
           D:3 |       0 |      21 |   0.0 |       0 |       5 |   0.0 |   213
               +---------+---------+-------+---------+---------+-------+---------
